 Dungeon Crawl Stone Soup version 0.28-a0-631-g0446da8ef9 (webtiles) character file.

Game seed: 9782068354350712057

61 gruber the Chiller (level 3, -3/22 (24) HPs)
             Began as a Demonspawn Ice Elementalist on Oct 9, 2021.
             Slain by a necrophage (6 damage)
             ... on level 1 of the Dungeon.
             The game lasted 00:03:02 (2451 turns).

gruber the Chiller (Demonspawn Ice Elementalist)    Turns: 2451, Time: 00:03:03

HP:   -3/22 (24)    AC:  3    Str:  8    XL:     3   Next: 83%
MP:   4/6           EV: 11    Int: 17    God:
Gold: 162           SH:  3    Dex: 13    Spells: 2/6 levels left

rFire   . . .      SeeInvis .   d - +0 trident
rCold   . . .      Faith    .   k - +0 buckler
rNeg    . . .      Spirit   .   a - +0 robe
rPois   .          Reflect  .   (no helmet)
rElec   .          Harm     .   (no cloak)
rCorr   .          Rampage  .   h - +0 pair of gloves
Will    .....                   (no boots)
Stlth   ++........              (no amulet)
HPRegen 0.07/turn               (no ring)
MPRegen 0.20/turn               (no ring)

@: freezing walls, drained
A: magic regeneration
a: no special abilities


You were on level 1 of the Dungeon.
You visited 1 branch of the dungeon, and saw 3 of its levels.

You collected 162 gold pieces.

Inventory:

Hand Weapons
 d - a +0 trident (weapon)
Armour
 a - a +0 robe (worn)
 h - a +0 pair of gloves (worn)
 k - a +0 buckler (worn)
Jewellery
 g - a ring of see invisible
Scrolls
 c - 2 scrolls of enchant armour {unknown}
 e - a scroll of noise {unknown}
 j - a scroll of immolation {unknown}
Potions
 b - a potion of invisibility {unknown}
 f - 2 potions of curing {unknown}
 i - a potion of attraction {unknown}
 l - a potion of might {unknown}


   Skills:
 - Level 1.7 Dodging
 - Level 1.7 Stealth
 * Level 0.2 Shields
 - Level 2.0 Spellcasting
 - Level 5.0 Ice Magic
 + Level 0.1 Air Magic


You had 2 spell levels left.
You knew the following spells:

 Your Spells              Type           Power      Damage    Failure   Level
a - Freeze                Ice            72%        1d9       4%          1
b - Frozen Ramparts       Ice            36%        1d5       12%         3

Your spell library contained the following spells:

 Spells                   Type           Power      Damage    Failure   Level
 Apportation              Tloc           2%         N/A       30%         1
 Ozocubu's Armour         Ice            18%        N/A       12%         3
 Hailstorm                Conj/Ice       10%        3d5       73%         4
 Alistair's Intoxication  Tmut/Pois      0%         N/A       100%        5
 Invisibility             Hex            0%         N/A       100%        6


Dungeon Overview and Level Annotations

Branches:
Dungeon (3/15)

Altars:
Xom

Shops:
D:2 *([[*


Innate Abilities, Weirdness & Mutations

You regenerate magic rapidly.


Message History

Confirm with . or Enter, or press ? or * to list all spells.
The spell is quite dangerous to cast (12% risk of failure)!
Continue anyway?
Casting: Frozen Ramparts (quite dangerous; 12% risk of failure)
Press: ? - help, Dir - look around, f - activate The walls around you are covered in ice.
The necrophage resists.
The wall freezes the necrophage.
The necrophage closely misses you.
Unknown command.
Unknown command.
Unknown command.
You hit the necrophage.
The necrophage is moderately damaged.
The necrophage resists.
The wall freezes the necrophage.
The necrophage hits you!
You feel drained.
Unknown command.
Unknown command.
Unknown command.
You aren't carrying any items that you can evoke.
You closely miss the necrophage.
The necrophage is moderately damaged.
The necrophage resists.
The wall freezes the necrophage.
The necrophage barely misses you.
The necrophage resists.
The wall freezes the necrophage.
The necrophage hits you!
* * * LOW HITPOINT WARNING * * *
You hit the necrophage but do no damage.
The necrophage is heavily damaged.
The necrophage resists.
The wall freezes the necrophage.
The necrophage hits you but does no damage.
Unknown command.
You closely miss the necrophage.
The necrophage is heavily damaged.
The necrophage resists.
The wall freezes the necrophage.
The necrophage barely misses you.
Unknown command.
You closely miss the necrophage.
The necrophage is heavily damaged.
The necrophage resists.
The wall freezes the necrophage.
The necrophage barely misses you.
The necrophage resists.
The wall freezes the necrophage.
The necrophage hits you.
You die...

...# #.####### #....# # ..##
##.## ####.# ## .## ####...######
#.# #. ## #.)..#>.....# #.# #. #
#.##...####.# ###.#######.
#.###.#####.#####...........
#.###.......................
######....................#######
.......#####.###@#.###..........#
.............###n#.# ###..#####.#
######.####...#....# #..# #....
#.###......#..#####..###.#.#
#...(....)###...).......(#.#
######.###......#..#####..#####.#
..........#...#...######..# #.#
.#####.##.##..............#####.#
.# #.#>...####.#######........#


You could see a necrophage.

Vanquished Creatures
  An adder (D:2)
  A worm (D:2)
  A dart slug (D:1)
  An orc (D:3)
  6 ball pythons
  9 endoplasms
  2 giant cockroaches
  4 hobgoblins
  A quokka (D:3)
  5 bats
  3 goblins
  A kobold (D:1)
  6 rats
41 creatures vanquished.

Notes
Turn   | Place    | Note
-------+----------+-------------------------------------------
     0 | D:1      | gruber the Demonspawn Ice Elementalist began the quest for
                  | the Orb.
     0 | D:1      | Reached XP level 1. HP: 13/13 MP: 3/3
   317 | D:1      | Reached skill level 4 in Ice Magic
   378 | D:1      | Gained mutation: You regenerate magic rapidly. [demonic
                  | ancestry]
   378 | D:1      | Reached XP level 2. HP: 19/19 MP: 5/5
   851 | D:2      | Found Vukewooj's Assorted Antiques.
  1116 | D:2      | Found Welim's Antique Weapon Emporium.
  1127 | D:2      | Reached XP level 3. HP: 17/24 MP: 3/6
  1390 | D:2      | Found a shimmering altar of Xom.
  1485 | D:2      | Found Dearuan's Antique Armour Boutique.
  1590 | D:2      | Found Qiecka's General Store.
  1636 | D:2      | Found Ivvorolomo's Antique Armour Shoppe.
  1766 | D:2      | Found a faded altar of an unknown god.
  1812 | D:2      | Learned a level 3 spell: Frozen Ramparts
  2279 | D:3      | Noticed a gnoll sergeant
  2292 | D:3      | Reached skill level 5 in Ice Magic
  2390 | D:3      | Noticed a necrophage
  2451 | D:1      | Slain by a necrophage

Illustrated notes

Levels and vault maps discovered:
D:1:      lemuel_arrival_lava_pool, layout_loops_ring
D:2:      layout_rooms, basic_altar, serial_shops, shop, nicolae_shop_trees,
          nicolae_lakefront_shop, shop, nicolae_shop_window_shopping,
          ebering_ecumenical_altar_sacrificial, minivault_4, dk_noncrumbling_3
D:3:      layout_rooms

Skill      XL: |  1  2  3 |
---------------+----------+-----
Ice Magic      | 4 5 |  5.0
Dodging        | |  1.7
Stealth        | |  1.7
Shields        | |  0.2
Spellcasting   | |  2.0
Air Magic      | |  0.1

Action                   || total
-------------------------++-------
Melee: Short sword       ||     9
       Unarmed           ||     4
       Trident           ||    71
 Cast: Freeze            ||    19
       Frozen Ramparts   ||     3
 Stab: Sleeping          ||     2
Armor: Robe              ||    12
Dodge: Dodged            ||    54
Block: Buckler           ||     2

Table legend: (Time is in decaauts)
 A = Elapsed time spent in this place.
 B = Non-inter-level travel time spent in this place.
 C = Inter-level travel time spent in this place.
 D = Time resting spent in this place.
 E = Time spent auto-exploring this place.
 F = Levels seen in this place.
 G = Mean time per level.
                   A        B        C        D        E       F      G
               +--------+--------+--------+--------+--------+-----+--------+
         Total |   2475 |   2361 |    114 |      5 |   1941 |   3 |  825.0 |
       Dungeon |   2475 |   2361 |    114 |      5 |   1941 |   3 |  825.0 |
               +--------+--------+--------+--------+--------+-----+--------+

Top non-repeatable levels by time:
     D:2: 1397 daAuts
     D:1: 866 daAuts
     D:3: 211 daAuts
